 Dungeon Crawl Stone Soup version 0.19.0-2-gae57169 (webtiles) character file.

18037 Guts the Fencer (level 12, -4/79 HPs)
             Began as a Human Gladiator on Nov 5, 2016.
             Was the Champion of Hepliaklqana.
             Slain by a jumping spider (11 damage)
             ... on level 2 of the Lair of Beasts.
             The game lasted 00:58:24 (13637 turns).

Guts the Fencer (Human Gladiator)                  Turns: 13637, Time: 00:58:26

Health: -4/79      AC: 11    Str: 25    XL:     12   Next: 90%
Magic:  16/16      EV: 14    Int:  9    God:    Hepliaklqana [******]
Gold:   788        SH:  0    Dex: 14    Spells: 0 memorised, 11 levels left

rFire  + . .     SeeInvis .     c - +4 demon blade (vamp)
rCold  . . .     Gourm    +     D - +2 ring mail {rF+}
rNeg   . . .     Faith    .     (no shield)
rPois  .         Spirit   .     U - +0 helmet
rElec  .         Reflect  .     (no cloak)
rCorr  .         Harm     .     (no gloves)
MR     +....     Clarity  +     E - +0 pair of boots
Stlth  +.........               y - amulet of the gourmand
                                M - ring of protection from magic
                                i - +5 ring of strength

@: no status effects
A: reduced essence, thin skeletal structure 1, clarity, clumsy 1, MP-powered
wands
a: Recall Ancestor, Ancestor Identity, Transference, Idealise, Renounce Religion


You were on level 2 of the Lair of Beasts.
You worshipped Hepliaklqana.
Hepliaklqana was exalted by your worship.
You were very full.

You visited 2 branches of the dungeon, and saw 15 of its levels.
You visited the Abyss 1 time.

You collected 848 gold pieces.
You spent 60 gold pieces at shops.

Inventory:

Hand Weapons
 c - a +4 vampiric demon blade (weapon)
 m - a +3 falchion of draining
 x - a +0 blowgun
 P - a +4 great sword
Missiles
 a - 10 curare-tipped needles
 w - 47 poisoned needles
 H - 7 javelins (quivered)
Armour
 B - a +3 leather armour of magic resistance
 D - a +2 ring mail of fire resistance (worn)
 E - a +0 pair of boots (worn)
 U - a +0 helmet (worn)
Jewellery
 i - a +5 ring of strength (left hand)
 q - an uncursed ring of teleportation
 r - the amulet of the Air {Inacc +Fly rElec EV+5 RMsl}
   (You found it on level 2 of the Lair of Beasts)

   [amulet of inaccuracy]

   It reduces the accuracy of all your attacks.
   It affects your evasion (+5).
   It insulates you from electricity.
   It lets you fly.
   It protects you from missiles.
 y - an amulet of the gourmand (around neck)
 F - an uncursed ring of protection from fire
 G - an uncursed amulet of guardian spirit
 M - a ring of protection from magic (right hand)
 Q - an uncursed ring of resist corrosion
Wands
 C - a wand of enslavement (10/24)
 J - a wand of flame (18/48)
 L - a wand of flame (5/48)
 S - a wand of lightning (5/15)
Scrolls
 e - 2 scrolls of recharging {unknown}
 h - 6 scrolls of amnesia {unknown}
 j - 3 scrolls of remove curse
 n - a scroll of enchant weapon
 v - 9 scrolls of teleportation
Potions
 b - a potion of cancellation
 k - 3 potions of brilliance
 l - 4 potions of agility
 o - 5 potions of flight
 p - a potion of invisibility
 u - 2 potions of degeneration
 z - a potion of berserk rage
 A - 3 potions of haste
 I - 2 potions of lignification
 K - 3 potions of curing
 O - 3 potions of might
 X - 2 potions of heal wounds
 Z - a potion of ambrosia
Comestibles
 d - 8 fruits
 f - 8 bread rations
 g - 4 meat rations
 s - 2 royal jellies
 t - 11 beef jerkies
 N - 8 slices of pizza


   Skills:
 + Level 6.0 Fighting
 - Level 16.1 Long Blades
 - Level 2.0 Throwing
 + Level 6.8 Armour
 - Level 5.3 Dodging
 + Level 5.6 Invocations


You had 11 spell levels left.
You didn't know any spells.

Dungeon Overview and Level Annotations

Branches:
Dungeon (12/15)            Temple (0/1) D:5            Lair (3/6) D:8
 Spider (0/4) Lair:3          Orc (0/2) D:12
  Swamp: Lair:2-4    Shoals: Lair:2-4

Altars:
Ashenzari
Elyvilon
Gozag
Hepliaklqana
Makhleb
Nemelex Xobeh
Qazlal
Sif Muna
Trog
Uskayaw
Vehumet
Xom
The Shining One

Shops:
D:12 ?

Annotations:
D:10 Sonja
D:12 Kirke


Innate Abilities, Weirdness & Mutations

Your life essence is reduced. (-10% HP)
You have a somewhat thin skeletal structure. (Dex +2, Stealth)
You possess an exceptional clarity of mind.
You are clumsy. (Dex -2)
You expend magic power (3 MP) to strengthen your wands.


Message History

* * * LOW HITPOINT WARNING * * *
The jumping spider bites you but does no damage.
You feel much better.
You feel very sick. The redback misses you. The jumping spider misses you.
The jumping spider bites you but does no damage.
Casca misses the jumping spider.
The redback bites you!
* * * LOW HITPOINT WARNING * * *
You are more poisoned.
The redback poisons you!
Casca blocks the jumping spider's attack.
The jumping spider bites Casca.
You feel better. The jumping spider pounces on you!
* * * LOW HITPOINT WARNING * * *
The jumping spider bites you but does no damage.
The redback bites you but does no damage.
The jumping spider pounces on Casca but does no damage.
Casca blocks the jumping spider's attack.
Casca misses the jumping spider.
The jumping spider pounces on you!
You die...

....PP...........................
..#...###...................... #
#### #...........P..#.#.....
#.###....).......##########
#................ #
##..............# #P..s.......###
##.#.R......# # ##.....@...# #
#......ss.## ##........##
##.........# #.........#.#
##........### #.........## ## ###
##.........###.### #.#
####....P.......###.## ###


You could see the friendly Casca the knight, 2 jumping spiders and a redback.

Vanquished Creatures
  A hill giant (D:11)
  An ugly thing (D:11)
  A deep elf mage (D:10)
  Joseph (D:7)
  Psyche (D:8)
  5 komodo dragons (Lair:2)
  A troll (D:9)
  4 hippogriffs
  2 wraiths (D:11)
  4 yaks
  A wyvern (D:9)
  A human (D:8)
  7 hogs
  A soldier ant (D:11)
  A porcupine (Lair:2)
  A water moccasin (Lair:2)
  Duvessa (D:5)
  A black bear (D:8)
  4 orc warriors
  2 ice beasts
  An eye of draining (D:12)
  2 phantoms
  2 sky beasts
  7 centaurs
  A necrophage (D:8)
  3 ogres
  3 crocodiles
  2 big kobolds (D:10)
  Blork the orc (D:6)
  9 bullfrogs
  Dowan (D:5)
  A scorpion (D:12)
  2 killer bees
  5 wights (D:7)
  6 howler monkeys
  6 crimson imps
  2 bullfrog zombies
  5 hounds
  2 quasits
  10 orc priests
  3 centaur skeletons
  12 orc wizards
  3 bullfrog skeletons
  Ijyb (D:2)
  13 iguanas
  6 worker ants
  Terence (D:1)
  3 gnolls (D:3)
  13 adders
  A shadow imp (D:8)
  4 oozes
  An adder zombie (D:6)
  An adder skeleton (D:5)
  A dart slug (D:2)
  3 worms
  A leopard gecko (D:9)
  42 orcs
  3 ball pythons
  2 giant cockroaches
  7 goblins
  8 hobgoblins
  11 jackals
  21 kobolds
  4 quokkas
  6 bats
  8 rats
291 creatures vanquished.

Vanquished Creatures (collateral kills)
  A hill giant (D:10)
  A cyclops (D:12)
  An ugly thing (D:10)
  2 spiny frogs (Lair:2)
  2 komodo dragons
  Prince Ribbit (D:7)
  2 hippogriffs
  A wraith (D:11)
  A yak (D:12)
  A basilisk (Lair:1)
  A wyvern (D:8)
  A hog (D:8)
  A hungry ghost (D:11)
  A black bear (D:10)
  2 sky beasts (D:8)
  2 ice beasts (D:10)
  2 phantoms (D:12)
  2 ogres
  A necrophage (D:11)
  2 centaurs (D:12)
  2 big kobolds
  2 bullfrogs
  3 wights (D:7)
  2 howler monkeys
  A bullfrog zombie (D:10)
  An orc wizard (D:5)
  A centaur skeleton (D:4)
  3 jellies
  An iguana (Lair:2)
  4 adders
  A gnoll (D:3)
  3 shadow imps
  An adder skeleton (D:5)
  A leopard gecko (D:5)
  13 orcs
  A hobgoblin (D:2)
  2 jackals
  A quokka (D:10)
  4 kobolds
75 creatures vanquished.

Vanquished Creatures (others)
  4 knights
4 creatures vanquished.

Grand Total: 370 creatures vanquished

Notes
Turn   | Place    | Note
-------+----------+-------------------------------------------
     0 | D:1      | Guts the Human Gladiator began the quest for the Orb.
     0 | D:1      | Reached XP level 1. HP: 16/16 MP: 1/1
   137 | D:1      | Reached XP level 2. HP: 20/22 MP: 2/2
   725 | D:1      | Reached skill level 4 in Long Blades
   725 | D:1      | Reached XP level 3. HP: 27/27 MP: 3/3
   772 | D:2      | Noticed Terence
   838 | D:1      | Killed Terence
   936 | D:2      | Reached XP level 4. HP: 33/33 MP: 4/4
  1143 | D:2      | Reached skill level 5 in Long Blades
  1167 | D:2      | Noticed Ijyb
  1178 | D:2      | Killed Ijyb
  1178 | D:2      | Reached XP level 5. HP: 38/38 MP: 5/5
  1191 | D:2      | Found a hazy altar of Hepliaklqana.
  1197 | D:2      | Found a shimmering altar of Xom.
  1197 | D:2      | Noticed a Killer Klown
  1199 | D:2      | Noticed a Killer Klown
  1199 | D:2      | Noticed a spectral ugly thing
  1203 | D:2      | Became a worshipper of Hepliaklqana the Forgotten
  1405 | D:2      | Found a faded altar of an unknown god.
  1405 | D:2      | Found a burning altar of Makhleb.
  1412 | D:2      | Found a faded altar of an unknown god.
  1414 | D:2      | Found a faded altar of an unknown god.
  1415 | D:2      | Found a radiant altar of Vehumet.
  1965 | D:3      | Reached * piety under Hepliaklqana
  1991 | D:3      | Found a faded altar of an unknown god.
  2037 | D:3      | Found a glowing golden altar of the Shining One.
  2104 | D:3      | Reached skill level 6 in Long Blades
  2161 | D:3      | Reached XP level 6. HP: 36/39 MP: 6/6
  2309 | D:3      | Found a bloodstained altar of Trog.
  2373 | D:4      | Found an opulent altar of Gozag.
  2552 | D:4      | Found a shattered altar of Ashenzari.
  2774 | D:4      | Reached ** piety under Hepliaklqana
  2775 | D:4      | Remembered your ancestor Casca as a knight
  2884 | D:4      | Found a stormy altar of Qazlal.
  3025 | D:4      | Reached skill level 7 in Long Blades
  3067 | D:4      | Reached XP level 7. HP: 15/45 MP: 7/7
  3509 | D:5      | Entered Level 5 of the Dungeon
  3515 | D:5      | Noticed Dowan
  3516 | D:5      | Noticed Duvessa
  3574 | D:5      | Killed Duvessa
  3574 | D:5      | Reached skill level 8 in Long Blades
  3587 | D:5      | Killed Dowan
  3648 | D:5      | Found a sparkling altar of Nemelex Xobeh.
  3874 | D:5      | Reached XP level 8. HP: 36/50 MP: 8/8
  3919 | D:5      | Reached skill level 9 in Long Blades
  4229 | D:5      | Found a staircase to the Ecumenical Temple.
  4477 | D:5      | Reached skill level 10 in Long Blades
  4849 | D:6      | Noticed Blork the orc
  4859 | D:6      | Killed Blork the orc
  4891 | D:6      | Got a jewelled ring mail
  4919 | D:6      | Identified the +3 ring mail "Secoteu" {Int+6} (You found it on level 6 of the Dungeon)
  4942 | D:6      | Reached *** piety under Hepliaklqana
  4966 | D:6      | Found a hide-covered altar of Uskayaw.
  5054 | D:6      | Reached XP level 9. HP: 30/54 MP: 5/9
  5073 | D:6      | Reached skill level 11 in Long Blades
  5693 | D:7      | Noticed Prince Ribbit
  5698 | D:7      | Killed Prince Ribbit
  5849 | D:7      | Noticed Joseph
  5868 | D:7      | Killed Joseph
  5868 | D:7      | Reached skill level 12 in Long Blades
  6159 | D:7      | Noticed a hippogriff
  6162 | D:7      | Found a deep blue altar of Sif Muna.
  6176 | D:8      | Killed a hippogriff
  6385 | D:8      | Noticed a hippogriff
  6388 | D:8      | Reached XP level 10. HP: 53/60 MP: 8/10
  6392 | D:8      | Reached skill level 13 in Long Blades
  6533 | D:8      | Found a staircase to the Lair.
  6593 | D:8      | Reached **** piety under Hepliaklqana
  6767 | D:8      | Reached skill level 14 in Long Blades
  6877 | D:8      | Reached skill level 1 in Armour
  7066 | D:8      | Noticed Psyche
  7081 | D:8      | Killed Psyche
  7853 | D:9      | Reached XP level 11. HP: 43/70 MP: 5/11
  7939 | D:9      | Reached skill level 5 in Fighting
  8070 | D:9      | Found a sparkling altar of Nemelex Xobeh.
  8181 | D:9      | Reached skill level 5 in Dodging
  8248 | D:9      | Reached ***** piety under Hepliaklqana
  8391 | D:10     | Entered Level 10 of the Dungeon
  8625 | D:10     | Noticed a deep elf mage
  8638 | D:10     | Killed a deep elf mage
  8861 | D:10     | Noticed a hill giant
  8885 | D:10     | Killed a hill giant
  8897 | D:10     | Noticed a green ugly thing
  8928 | D:10     | Killed a green ugly thing
  8954 | D:10     | Reached skill level 5 in Armour
  9251 | D:10     | Noticed Sonja
  9260 | D:10     | Cast into level 1 of the Abyss (Sonja)
  9284 | Abyss:1  | Gained mutation: Your mind is acute. (Int +2) [potion of mutation]
  9284 | Abyss:1  | Gained mutation: You expend magic power (3 MP) to strengthen your wands. [potion of mutation]
  9284 | Abyss:1  | Gained mutation: You have a somewhat thin skeletal structure. (Dex +2, Stealth) [potion of mutation]
  9285 | Abyss:1  | Lost mutation: Your mind is acute. (Int +2) [potion of mutation]
  9285 | Abyss:1  | Gained mutation: You are clumsy. (Dex -2) [potion of mutation]
  9285 | Abyss:1  | Gained mutation: You possess an exceptional clarity of mind. [potion of mutation]
  9311 | Abyss:1  | Found a corrupted altar of Lugonu.
  9322 | D:10     | Escaped the Abyss
 10003 | D:11     | Noticed a red ugly thing
 10026 | D:11     | Killed a red ugly thing
 10324 | D:11     | Reached skill level 15 in Long Blades
 10573 | D:11     | Identified a scroll of acquirement
 10704 | D:11     | Noticed a hill giant
 10713 | D:11     | Killed a hill giant
 10736 | D:11     | Reached XP level 12. HP: 70/77 MP: 9/12
 10737 | D:11     | Found a white marble altar of Elyvilon.
 10785 | D:11     | Reached skill level 1 in Invocations
 10972 | D:12     | Noticed Kirke
 11100 | D:12     | Found Sujur's Magic Scroll Boutique.
 11191 | D:12     | Bought a scroll of teleportation for 36 gold pieces
 11191 | D:12     | Bought a scroll of identify for 24 gold pieces
 11652 | D:12     | Found a staircase to the Orcish Mines.
 11747 | D:12     | Reached skill level 16 in Long Blades
 12165 | Lair:1   | Entered Level 1 of the Lair of Beasts
 13007 | Lair:2   | Reached skill level 5 in Invocations
 13578 | Lair:3   | Reached ****** piety under Hepliaklqana
 13626 | Lair:3   | Found a hole to the Spider Nest.
 13637 | Lair:2   | Slain by a jumping spider

Skill      XL: |  1  2  3  4  5  6  7  8  9 10 11 12 |
---------------+-------------------------------------+-----
Long Blades    | 4 5 6 7 8 10 12 14 15 16 | 16.1
Armour         | 3 6 |  6.8
Fighting       | 4 5 6 |  6.0
Dodging        | 4 5 |  5.3
Invocations    | 5 |  5.6
Throwing       | |  2.0

Action                   |  1- 3 |  4- 6 |  7- 9 | 10-12 || total
-------------------------+-------+-------+-------+-------++-------
Melee: Long sword        |    59 |       |       |       ||    59
       Falchion          |     3 |   113 |   236 |   429 ||   781
       Demon blade       |       |       |       |   242 ||   242
 Fire: Blowgun           |       |       |       |     2 ||     2
Throw: Throwing net      |     3 |     3 |       |       ||     6
       Javelin           |       |       |     4 |     4 ||     8
Invok: Ancestor Identity |       |     1 |       |       ||     1
       Recall Ancestor   |       |     1 |     1 |     4 ||     6
       Ancestor Life: Kn |       |     1 |       |       ||     1
       Transference      |       |       |       |     1 ||     1
Evoke: Wand              |       |       |       |     2 ||     2
  Use: Potion            |       |       |     1 |     4 ||     5
       Scroll            |       |       |     7 |    18 ||    25
 Stab: Held in net/web   |       |     2 |       |       ||     2
       Distracted        |       |       |     4 |     4 ||     8
       Sleeping          |       |       |       |     1 ||     1
  Eat: Chunk             |       |     7 |    11 |    32 ||    50
       Bread ration      |       |       |       |     1 ||     1
Armor: Leather armour    |    22 |       |    62 |   120 ||   204
       Ring mail         |     3 |    30 |     7 |    18 ||    58
Dodge: Dodged            |    41 |    42 |    95 |   302 ||   480
       Rpst.: Long sword |    13 |       |       |       ||    13
       Falchion          |     2 |    13 |    36 |    43 ||    94
       Demon blade       |       |       |       |    39 ||    39
